 Dungeon Crawl Stone Soup version 0.31-a0-321-g19405a7a6a (webtiles) character file.

Game seed: 11016442326630521260

19527 Monkooky the Basher (level 12, -1/80 HPs)
             Began as a Mummy Artificer on July 17, 2023.
             Was a High Priest of Fedhas.
             Slain by an ettin
             ... wielding a +0 dire flail
              (21 damage)
             ... on level 1 of the Orcish Mines.
             The game lasted 00:35:15 (12689 turns).

Monkooky the Basher (Mummy Artificer)              Turns: 12689, Time: 00:35:22

Health: -1/80      AC: 17    Str: 18    XL:     12   Next: 37%
Magic:  15/18      EV: 12    Int: 10    God:    Fedhas [*****.]
Gold:   637        SH:  0    Dex: 22    Spells: 11/11 levels left

rFire   + . .        e - +1 demon whip (venom)
rCold   + + +        (no shield)
rNeg    + + +        G - +7 ring mail of the End {rF+ rC++ Str-2 Dex+3}
rPois   ∞            (no helmet)
rElec   .            C - +2 cloak
rCorr   .            p - +1 pair of gloves
SInv    .            (no boots)
Will    +....        (no amulet)
Stlth   +            g - ring of protection from fire
HPRegen 0.33/turn    r - +6 ring of dexterity
MPRegen 0.16/turn

%: faith
@: no status effects
A: cold resistance 1, negative energy resistance 3, torment resistance 2, heat
vulnerability 1, in touch with death 1, no potions, faith
a: Renounce Religion, Wall of Briars, Grow Ballistomycete, Overgrow, Grow Oklob


You were on level 1 of the Orcish Mines.
You worshipped Fedhas.
Fedhas was extremely pleased with you.
You visited 3 branches of the dungeon, and saw 12 of its levels.
You also visited: Sewer.

You collected 637 gold pieces.

Inventory:

Hand Weapons
 a - a +0 club
 e - a +1 demon whip of venom (weapon)
 n - a +4 quarterstaff of chaos
 E - a +2 dire flail
Missiles
 j - 43 poisoned darts
Armour
 b - a +0 leather armour
 m - a +1 cloak
 p - a +1 pair of gloves (worn)
 w - a +0 chain mail
 z - a +3 chain mail of cold resistance
 C - a +2 cloak (worn)
 G - the +7 ring mail of the End (worn) {rF+ rC++ Str-2 Dex+3}
   (You found it on level 6 of the Dungeon)

   Str:       It affects your strength (-2).
   Dex:       It affects your dexterity (+3).
   rF:        It protects you from fire.
   rC:        It greatly protects you from cold.
Magical Staves
 h - a staff of poison
Jewellery
 g - a ring of protection from fire (left hand)
 r - a +6 ring of dexterity (right hand)
 x - a ring of protection from fire
 y - a ring of flight
 J - a ring of resist corrosion
Wands
 c - a wand of flame (24) (quivered)
 d - a wand of charming (6)
 D - a wand of digging (1)
 F - a wand of roots (8)
 I - a wand of paralysis (11)
 L - a wand of polymorph (5)
Scrolls
 f - 3 scrolls of immolation
 i - 6 scrolls of teleportation {unknown}
 k - 4 scrolls of poison
 l - 4 scrolls of noise
 o - a scroll of fear
 q - 2 scrolls of vulnerability
 s - 2 scrolls of fog
 t - a scroll of revelation
 u - 2 scrolls of silence
 v - 3 scrolls of amnesia
 A - 2 scrolls of blinking
 H - a scroll of torment
 K - a scroll of identify
Miscellaneous
 B - a phial of floods (inert)


   Skills:
 - Level 2.8 Fighting
 + Level 11.3(12.1) Maces & Flails
 - Level 6.8(10.0) Staves
 - Level 2.7 Armour
 - Level 2.2 Dodging
 - Level 0.7 Stealth
 - Level 8.3 Invocations
 - Level 7.8 Evocations


You had 11 spell levels left.
You didn't know any spells.
Your spell library contained the following spells:

 Spells                   Type           Power      Damage    Failure   Level
 Magic Dart               Conj           0%         1d3       54%         1
 Ensorcelled Hibernation  Hex/Ice        0%         N/A       69%         2
 Searing Ray              Conj           0%         2d4       69%         2
 Frozen Ramparts          Ice            0%         1d1       89%         3
 Summon Guardian Golem    Hex/Summ       0%         N/A       89%         3
 Tukima's Dance           Hex            0%         N/A       89%         3
 Anguish                  Hex/Necr       0%         N/A       100%        4
 Fulminant Prism          Conj/Hex       0%         3d5       100%        4
 Passage of Golubria      Tloc           0%         N/A       100%        4
 Petrify                  Tmut/Erth      0%         N/A       100%        4
 Summon Ice Beast         Ice/Summ       0%         N/A       100%        4
 Fireball                 Conj/Fire      0%         3d3       100%        5
 Iskenderun's Battlesphe  Conj           0%         2d6       100%        5
 Metabolic Englaciation   Hex/Ice        0%         N/A       100%        5
 Summon Mana Viper        Hex/Summ       0%         N/A       100%        5
 Yara's Violent Unravell  Hex/Tmut       0%         3d3       100%        5
 Conjure Ball Lightning   Conj/Air       0%         3x3d6     100%        6
 Monstrous Menagerie      Summ           0%         N/A       100%        7
 Orb of Destruction       Conj           0%         9d5       100%        7
 Spellforged Servitor     Conj/Summ      0%         N/A       100%        7


Dungeon Overview and Level Annotations

Branches:
Dungeon (10/15)            Temple (0/1) D:7            Lair (1/5) D:8
    Orc (1/2) D:10          Sewer (visited)

Altars:
Ashenzari
Fedhas
Kikubaaqudgha
Makhleb
Nemelex Xobeh
Okawaru
Sif Muna
Trog
Uskayaw
Vehumet
Xom
Yredelemnul

Shops:
D:3 :

Annotations:
D:8 exclusion: downstairs


Innate Abilities, Weirdness & Mutations

You are immune to poison.
Your flesh is cold resistant. (rC+)
You are immune to negative energy. (rN+++)
You are immune to unholy pain and torment.
You are vulnerable to heat. (rF-)
You are in touch with the powers of death.
You do not drink.
You have a special connection with the divine. (Faith)


Message History

The orc warrior looks as sick as possible!
The orc warrior is almost dead.
The orc warrior barely misses you. The orc hits you but does no damage.
You closely miss the orc warrior.
The orc warrior is almost dead.
You kill the orc warrior!
Fedhas appreciates your contribution to the ecosystem.
The orc hits you but does no damage.
Things that are here:
a +0 hand axe; a +0 chain mail The orc hits you but does no damage.
You barely miss the orc. The orc misses you.
You hit the orc.
The orc is poisoned.
The orc is severely wounded.
You hit the orc.
You kill the orc!
Fedhas appreciates your contribution to the ecosystem.
There is a staircase to the Orcish Mines here.
You start resting.
HP restored.
You climb downwards.
Welcome back to the Orcish Mines!
The ettin hits you with a +0 dire flail.
The ettin closely misses you. The orc hits you with a +0 hand axe.
There is a staircase back to the Dungeon here.
A briar patch grows up from the ground. x5
The ettin hits you with a +0 dire flail!!
The ettin hits you with a +1 dire flail of holy wrath!!
You convulse.
* * * LOW HITPOINT WARNING * * *
The orc misses you.
The orc hits your briar patch but does no damage.
The orc hits your briar patch with a +0 hand axe.
The orc hits your briar patch but does no damage.
You walk carefully through the plants.
The orc hits your briar patch but does no damage. x3
A warg comes into view.
The ettin hits you but does no damage.
The ettin hits you with a +1 dire flail of holy wrath!!
You die...
Fedhas appreciates your contribution to the ecosystem.

...#. .... ...##
. ##....#..
##........ ..
#..$......
#...###oPo......
#.....PCP.......
.#$....P@.$##..
................
.....##.........
.##.. #.........
#. ......#... .
........ .. ..
#.......$ #
#h.......#


You could see an ettin (ally target), a warg, an orc priest and an orc (ally
target).

Vanquished Creatures
  2 two-headed ogres
  7 hell knights (D:10)
  A skyshark (Lair:1)
  Amaemon (D:9)
  3 necromancers (D:10)
  Pikel (D:5)
  An elephant (D:8)
  A black mamba (Lair:1)
  A cane toad (Lair:1)
  An orange demon (D:9)
  An unseen horror (D:10)
  A komodo dragon (D:8)
  2 trolls
  A hornet (D:10)
  Sigmund (D:2)
  A wyvern (D:8)
  3 shadows
  11 yaks
  A basilisk (Lair:1)
  A steam dragon (D:8)
  An acid dragon (D:9)
  Edmund (D:4)
  3 water moccasins
  7 hell hounds (D:10)
  3 orc warriors
  5 sky beasts
  3 ice beasts
  2 black bears (D:5)
  3 centaurs
  3 wolves (D:8)
  An ogre (D:7)
  3 phantoms
  A kobold brigand (D:8)
  5 bullfrogs
  2 gnoll sergeants
  4 necrophages (D:4)
  2 scorpions
  13 wights
  4 killer bees (D:8)
  2 electric eels
  2 howler monkeys
  Crazy Yiuf (D:2)
  10 hounds
  3 jellies
  A human zombie (D:4)
  3 orc priests
  3 gnoll boudas
  5 iguanas
  Ijyb (D:3)
  7 orc wizards
  A scorpion zombie (D:4)
  2 hound zombies (D:4)
  A mummy (D:4)
  12 adders
  13 gnolls
  A river rat (D:3)
  3 shadow imps
  A white imp (D:6)
  An ufetubus (D:7)
  2 adder zombies (D:4)
  2 worms (D:2)
  16 dart slugs
  34 orcs
  12 endoplasms
  10 giant cockroaches
  11 goblins
  10 hobgoblins
  5 jackals
  3 quokkas
  7 ball pythons
  4 bats
  15 frilled lizards
  13 kobolds
  3 rats
328 creatures vanquished.

Vanquished Creatures (collateral kills)
  An iguana (D:5)
  14 ballistomycete spores
15 creatures vanquished.

Vanquished Creatures (others)
  A wyvern (D:7)
  2 water moccasins
  A bullfrog zombie (D:8)
  2 sleepcaps
  A ballistomycete spore (D:8)
7 creatures vanquished.

Grand Total: 350 creatures vanquished

Notes
Turn   | Place    | Note
-------+----------+-------------------------------------------
     0 | D:1      | Monkooky the Mummy Artificer began the quest for the Orb.
     0 | D:1      | Reached XP level 1. HP: 15/15 MP: 1/1
   382 | D:1      | Reached XP level 2. HP: 21/21 MP: 2/2
   950 | D:1      | Gained mutation: You are in touch with the powers of death.
                  | [Mummy growth]
   950 | D:1      | Reached XP level 3. HP: 18/26 MP: 3/3
  1569 | D:2      | Noticed Sigmund
  1582 | D:2      | Killed Sigmund
  1583 | D:2      | Reached skill level 5 in Evocations
  1583 | D:2      | Reached XP level 4. HP: 21/32 MP: 4/4
  1583 | D:2      | Reached XP level 5. HP: 24/37 MP: 5/5
  1729 | D:2      | Found a runed translucent door.
  1730 | D:2      | Noticed Crazy Yiuf
  1734 | D:2      | Killed Crazy Yiuf
  1735 | D:2      | Reached skill level 1 in Staves
  1856 | D:2      | Found a shimmering altar of Xom.
  1944 | D:2      | Identified the +2 dagger "Nakel" {speed, rC++ Str-2}
  2138 | D:2      | Reached XP level 6. HP: 43/43 MP: 6/6
  2153 | D:2      | You fall into a shaft and drop 2 floors!
  2154 | D:4      | Found a bloodstained altar of Trog.
  2529 | D:3      | Found a glowing drain.
  2564 | Sewer    | Entered a sewer
  2906 | D:3      | Noticed Ijyb
  2917 | D:3      | Killed Ijyb
  3004 | D:3      | Found Kionen's Book Boutique.
  3265 | D:4      | Reached XP level 7. HP: 45/48 MP: 7/7
  3369 | D:4      | Found a blossoming altar of Fedhas.
  3377 | D:4      | Became a worshipper of Fedhas Madash
  3599 | D:4      | Reached skill level 5 in Staves
  3791 | D:4      | Found a basalt altar of Yredelemnul.
  3892 | D:4      | Reached XP level 8. HP: 52/54 MP: 8/8
  3905 | D:4      | Reached * piety under Fedhas
  3993 | D:4      | Noticed Edmund
  4162 | D:4      | Killed Edmund
  4340 | D:5      | Entered Level 5 of the Dungeon
  4375 | D:5      | Noticed Pikel
  4389 | D:5      | Killed Pikel
  4511 | D:5      | Reached XP level 9. HP: 59/59 MP: 9/9
  4521 | D:5      | Reached ** piety under Fedhas
  4804 | D:5      | Found a burning altar of Makhleb.
  5069 | D:5      | Found a shimmering blue altar of Sif Muna.
  5354 | D:6      | Reached skill level 1 in Dodging
  5952 | D:6      | Reached *** piety under Fedhas
  5983 | D:6      | Identified the +7 ring mail of the End {rF+ rC++ Str-2
                  | Dex+3}
  6032 | D:6      | Reached skill level 1 in Invocations
  6202 | D:6      | Found an ancient bone altar of Kikubaaqudgha.
  6599 | D:7      | Found a staircase to the Ecumenical Temple.
  6836 | D:7      | Found a burning altar of Makhleb.
  7034 | D:7      | Found a sparkling altar of Nemelex Xobeh.
  7158 | D:7      | Reached skill level 5 in Invocations
  7265 | D:7      | Identified the +7 short sword of Equilibrium {heavy,
                  | Fragile rElec Int+3 Dex+3}
  7274 | D:7      | Found a radiant altar of Vehumet.
  7274 | D:7      | Found a hide-covered altar of Uskayaw.
  7320 | D:7      | Reached XP level 10. HP: 69/69 MP: 12/14
  7431 | D:7      | Reached **** piety under Fedhas
  7673 | D:8      | Found a staircase to the Lair.
  8275 | D:8      | Reached ***** piety under Fedhas
  8615 | D:9      | Reached skill level 1 in Maces & Flails
  8652 | D:9      | Reached skill level 2 in Maces & Flails
  8833 | D:9      | Noticed an orange demon
  8834 | D:9      | Noticed Amaemon
  8841 | D:9      | Killed an orange demon
  8842 | D:9      | Reached skill level 3 in Maces & Flails
  8846 | D:9      | Killed Amaemon
  8847 | D:9      | Reached skill level 4 in Maces & Flails
  8962 | D:9      | Found a broken altar of Ashenzari.
  8981 | D:9      | Identified the +6 rapier of Impermanence {elec, Fragile Fly
                  | Dex+6}
  9077 | D:9      | Noticed a two-headed ogre
  9206 | D:9      | Reached skill level 5 in Maces & Flails
  9206 | D:9      | Reached XP level 11. HP: 51/74 MP: 17/17
  9476 | D:9      | Killed a two-headed ogre
  9677 | D:10     | Entered Level 10 of the Dungeon
  9908 | D:10     | Noticed a hell knight
 10036 | D:10     | Killed a hell knight
 10037 | D:10     | Reached skill level 6 in Maces & Flails
 10161 | D:10     | Noticed a necromancer
 10265 | D:10     | Noticed a necromancer
 10266 | D:10     | Noticed a hell knight
 10266 | D:10     | Noticed a hell knight
 10394 | D:10     | Reached skill level 7 in Maces & Flails
 10625 | D:10     | Found an iron altar of Okawaru.
 10854 | D:10     | Found a staircase to the Orcish Mines.
 10910 | D:10     | Noticed a two-headed ogre
 10942 | D:10     | Killed a two-headed ogre
 11096 | D:10     | Identified the +0 scale mail of Tomorrow {rF+ Dex+3}
 11126 | D:10     | Reached skill level 8 in Maces & Flails
 11472 | D:10     | Noticed a hell knight
 11486 | D:10     | Noticed a hell knight
 11486 | D:10     | Noticed a necromancer
 11491 | D:10     | Killed a necromancer
 11491 | D:10     | Killed a hell knight
 11493 | D:10     | Killed a hell knight
 11494 | D:10     | Reached skill level 9 in Maces & Flails
 11496 | D:10     | Killed a hell knight
 11504 | D:10     | Noticed a hell knight
 11690 | D:10     | Killed a necromancer
 11698 | D:10     | Killed a hell knight
 11706 | D:10     | Killed a hell knight
 11707 | D:10     | Reached skill level 10 in Maces & Flails
 11707 | D:10     | Reached XP level 12. HP: 54/80 MP: 16/18
 12005 | Lair:1   | Entered Level 1 of the Lair of Beasts
 12181 | Lair:1   | Reached skill level 11 in Maces & Flails
 12628 | Orc:1    | Entered Level 1 of the Orcish Mines
 12628 | Orc:1    | Noticed an ettin
 12689 | Orc:1    | Slain by an ettin

Illustrated notes

Levels and vault maps discovered:
D:1:      giann_horns, layout_loops_corners
D:2:      layout_loops_cross, basic_altar, minmay_misc_feat_ornament,
          uniq_sigmund, uniq_crazy_yiuf_cottage
D:3:      cheibrodos_pilgrimage, layout_loops_ring, serial_shops,
          nicolae_book_shop_shelving, portal_sewer_entry_a, uniq_ijyb
D:4:      layout_basic, lemuel_mausoleum_altar_yredelemnul,
          mainiacjoe_overflow_catwalk, old_standard_altar,
          minmay_joined_circles, uniq_edmund
D:5:      kennysheep_slugbush, layout_basic, kennysheep_orc_sif_temple,
          minmay_ruined_shrine, uniq_pikel
D:6:      layout_rooms, nicolae_overflow_two_pavilions
D:7:      layout_basic, mainiacjoe_overflow_chevrons,
          lemuel_coloured_pillars_altar, gammafunk_temple_overflow_pools,
          minmay_temple_entry_arrows
D:8:      layout_basic, zin_statuary, erik_lair_island
D:9:      layout_cave_pools, lemuel_round_altar, kennysheep_generic_room_13,
          uniq_amaemon
D:10:     layout_long_grid, kennysheep_okawaru_gauntlet, orc_0_dummy,
          minmay_rotating_lava
Lair:1:   layout_roguey, infiniplex_staircase_pool, grunt_megastairs_3,
          uniq_joseph
Orc:1:    layout_caves, serial_shops, nicolae_square_shop, shop,
          nicolae_orc_lava_tube, uniq_sonja

Skill      XL: |  1  2  3  4  5  6  7  8  9 10 11 12 |
---------------+-------------------------------------+-----
Evocations     | 3 5 7 |  7.8
Staves         | 1 3 6 |  6.8
Dodging        | 2 |  2.2
Armour         | 2 |  2.7
Fighting       | 2 |  2.8
Invocations    | 5 8 |  8.3
Maces & Flails | 5 10 11 | 11.3
Stealth        | |  0.7

Action                     |  1- 3 |  4- 6 |  7- 9 | 10-12 || total
---------------------------+-------+-------+-------+-------++-------
  Melee: Club              |    25 |       |       |       ||    25
         Staff             |   111 |    16 |       |       ||   127
         Punch             |     3 |       |       |     4 ||     7
         Quarterstaff      |       |   129 |   337 |   112 ||   578
         Demon whip        |       |       |       |   286 ||   286
  Throw: Dart              |    16 |       |     5 |     9 ||    30
 Invoke: Grow Ballistomyce |       |       |       |     4 ||     4
         Wall of Briars    |       |       |       |     2 ||     2
  Evoke: Wand              |     6 |     1 |    35 |    33 ||    75
         Phial of floods   |       |       |       |     3 ||     3
    Use: Scroll            |       |       |     7 |     7 ||    14
   Stab: Sleeping          |     1 |     4 |       |       ||     5
         Paralysed         |       |       |     3 |     4 ||     7
         Petrifying        |       |       |     1 |       ||     1
 Armour: Leather armour    |    47 |    57 |       |       ||   104
         Chain mail        |       |     5 |   150 |       ||   155
         Ring mail         |       |       |    51 |   217 ||   268
  Dodge: Dodged            |    90 |    83 |   151 |   271 ||   595

Table legend: (Time is in decaauts)
 A = Elapsed time spent in this place.
 B = Non-inter-level travel time spent in this place.
 C = Inter-level travel time spent in this place.
 D = Time resting spent in this place.
 E = Time spent auto-exploring this place.
 F = Levels seen in this place.
 G = Mean time per level.
                   A        B        C        D        E       F      G
               +--------+--------+--------+--------+--------+-----+--------+
         Total |  12721 |  11921 |    800 |   1442 |   7537 |  13 |  978.5 |
       Dungeon |  12058 |  11260 |    798 |   1442 |   7113 |  10 | 1205.8 |
          Lair |    282 |    282 |      0 |      0 |    190 |   1 |  282.0 |
  Orcish Mines |      5 |      5 |      0 |      0 |      0 |   1 |    5.0 |
         Sewer |    375 |    375 |      0 |      0 |    232 |   1 |  375.0 |
               +--------+--------+--------+--------+--------+-----+--------+

Top non-repeatable levels by time:
    D:10: 2290 daAuts
     D:8: 1545 daAuts
     D:1: 1358 daAuts
     D:5: 1272 daAuts
     D:4: 1237 daAuts
     D:3: 945 daAuts
     D:7: 894 daAuts
     D:9: 892 daAuts
     D:2: 830 daAuts
     D:6: 790 daAuts
   Sewer: 375 daAuts
  Lair:1: 282 daAuts
   Orc:1: 5 daAuts
